 Dungeon Crawl Stone Soup version 0.27.1-4-g1640c2035a (webtiles) character file.

Game seed: 8993190968992756587

51 adizb the Skirmisher (level 3, -1/46 HPs)
             Began as a Palentonga Fighter on Nov 14, 2021.
             Slain by an adder (2 damage)
             ... on level 2 of the Dungeon.
             The game lasted 00:06:00 (542 turns).

adizb the Skirmisher (Palentonga Fighter)            Turns: 542, Time: 00:06:03

Health: -1/46      AC: 21    Str: 20    XL:     3   Next: 58%
Magic:  3/3        EV:  1    Int:  8    God:
Gold:   68         SH:  8    Dex:  9    Spells: 2/2 levels left

rFire    . . .     SeeInvis +   a - +0 long sword
rCold    . . .     Faith    .   c - +0 kite shield
rNeg     + + +     Spirit   .   (armour currently unavailable)
rPois    +         Reflect  .   (helmet currently unavailable)
rElec    .         Harm     .   (cloak currently unavailable)
rCorr    .         Rampage  .   (gloves currently unavailable)
Will     .....     NoTele   +   (no barding)
Stlth    +.........             (no amulet)
HPRegen  0.15/turn              (no ring)
MPRegen  0.08/turn              (no ring)

@: mighty, tree-form
A: stationary, stasis, torment immunity, boosted hp, large, rugged brown scales
3, see invisible, (deformed body), (roll 1), (armoured tail)
a: no special abilities


You were on level 2 of the Dungeon.
You were a tree.
You visited 1 branch of the dungeon, and saw 2 of its levels.

You collected 68 gold pieces.

Inventory:

Hand Weapons
 a - a +0 long sword (weapon)
Missiles
 g - a throwing net
Armour
 b - a +0 scale mail (melded)
 c - a +0 kite shield (worn)
 e - a +0 ring mail
 k - a +0 cloak (melded)
Scrolls
 h - 2 scrolls of identify {unknown}
 i - a scroll of blinking {unknown}
Potions
 d - 2 potions of might


   Skills:
 + Level 3.4 Fighting
 + Level 2.6 Long Blades
 + Level 2.8 Armour
 + Level 2.8 Shields


You had 2 spell levels left.
You didn't know any spells.
Your spell library contained the following spells:

 Spells                   Type           Power      Damage    Failure   Level
 Magic Dart               Conj           0%         1d3       85%         1
 Searing Ray              Conj           0%         3d3       94%         2
 Stone Arrow              Conj/Erth      0%         3d7       99%         3
 Animate Armour           Summ/Erth      0%         N/A       100%        4
 Fulminant Prism          Conj/Hex       0%         3d6       100%        4
 Lehudib's Crystal Spear  Conj/Erth      0%         10d2      100%        8


Dungeon Overview and Level Annotations

Branches:
Dungeon (2/15)

Altars:


Innate Abilities, Weirdness & Mutations

You are a tree.
Your roots penetrate the ground, keeping you stationary.
You cannot be teleported.
You are immune to unholy pain and torment.
Your maximum health is greatly increased.
Your equipment is partially melded.
(You are completely covered in rugged brown scales. (AC +3, +7% HP))
You have supernaturally acute eyesight. (SInv)
((Armour fits poorly on your strangely shaped body.))
((You can roll at nearby foes to attack.))
((You have a long armoured tail.))


Message History

You feel sick.
You feel sick.
The adder hisses angrily.
You block the adder's attack.
You feel sick.
You are no longer poisoned.
The frilled lizard unfolds its giant frill.
You hit the adder but do no damage.
You tail-slap the adder, but do no damage.
The adder is moderately wounded.
The adder bites you.
* * * LOW HITPOINT WARNING * * *
You block the frilled lizard's attack. The adder bites you.
* * * LOW HITPOINT WARNING * * *
You feel very mighty all of a sudden. The adder bites you but does no damage.
The frilled lizard bites you.
* * * LOW HITPOINT WARNING * * *
It was a potion of lignification.
You turn into a tree.
Your +0 cloak melds into your body.
Your +0 scale mail melds into your body.
Your roots penetrate the ground.
The adder bites you but does no damage.
The frilled lizard bites you but does no damage.
It was a potion of flight.
Your roots keep you in place.
The adder bites you but does no damage.
The frilled lizard bites you but does no damage.
The adder bites you but does no damage.
You slash the adder!
The adder is almost dead.
The adder bites you but does no damage.
The frilled lizard bites you but does no damage.
The endoplasm jiggles.
The adder bites you.
* * * LOW HITPOINT WARNING * * *
You barely miss the adder.
The adder is almost dead.
The frilled lizard bites you but does no damage.
You block the adder's attack.
The frilled lizard bites you but does no damage.
The adder bites you.
You die...

............#..<##
###.##..(.....
########......##
##...##..(.....
#..###.##
###..####........
#.## #.#
##...####.........
#.# ..#
#..#......#.......
#.###.##
#.)..#######.....#
...... ##..###
####### .#.#...##..##
#. .......)♣# ##
.##....lS############
.......#JK...........
.##.#..JSw.........#
#..######........#
... #...$.......# ..
#.##.......... ..
#.......... ##
............


You could see a worm, 2 adders, 2 endoplasms, a kobold and a frilled lizard.

Vanquished Creatures
  2 adders (D:2)
  5 dart slugs
  4 bats
  5 endoplasms
  A goblin (D:1)
  A frilled lizard (D:1)
  4 kobolds
  2 rats
24 creatures vanquished.

Notes
Turn   | Place    | Note
-------+----------+-------------------------------------------
     0 | D:1      | adizb the Palentonga Fighter began the quest for the Orb.
     0 | D:1      | Reached XP level 1. HP: 19/19 MP: 1/1
    75 | D:1      | Reached XP level 2. HP: 25/25 MP: 2/2
    80 | D:1      | Found a faded altar of an unknown god.
   389 | D:2      | Reached XP level 3. HP: 30/31 MP: 3/3
   538 | D:2      | HP: 1/31 [frilled lizard (2)]
   542 | D:2      | Slain by an adder

Illustrated notes

Levels and vault maps discovered:
D:1:      noname_arrival_rooms_in_the_neighbourhood, layout_basic,
          shapermc_ecumenical_altar_starsandcircs
D:2:      layout_rooms, serial_shops, shop

Action                   || total
-------------------------++-------
Melee: Long sword        ||    58
       Tailslap          ||     7
 Abil: Rolling Charge    ||    15
  Use: Potion            ||     3
Armor: Scale mail        ||    36
       Skin              ||     9
Dodge: Dodged            ||    19
Block: Kite shield       ||    34
       Rpst.: Long sword ||     6
